 Dungeon Crawl Stone Soup version 0.29-a0-284-gf9362112df (webtiles) character file.

Game seed: 293157998318453757

33 brightf1ame the Vexing (level 3, 0/26 HPs)
             Began as a Formicid Arcane Marksman on Mar 24, 2022.
             Slain by a quokka (2 damage)
             ... on level 2 of the Dungeon.
             The game lasted 00:10:36 (456 turns).

brightf1ame the Vexing (Formicid Arcane Marksman)    Turns: 456, Time: 00:10:36

Health: 0/26       AC:  3    Str: 14      XL:     3   Next: 47%
Magic:  4/4        EV: 12    Int: 12 (14) God:
Gold:   16         SH:  0    Dex: 11      Spells: 3/4 levels left

rFire   + . .      SeeInvis +   a - +0 shortbow
rCold   . . .      Faith    .   (no shield)
rNeg    . . .      Spirit   .   b - +0 robe
rPois   .          Reflect  .   (helmet unavailable)
rElec   .          Harm     .   d - +0 cloak
rCorr   .          Rampage  .   (no gloves)
Will    .....                   (no boots)
Stlth   +.........              (no amulet)
HPRegen 0.08/turn               (no ring)
MPRegen 0.09/turn               (no ring)

@: no status effects
A: permanent stasis, dig shafts and tunnels, antennae 3, four strong arms,
deterioration 1, fire resistance 1, subdued magic 1
a: Dig, Shaft Self


You were on level 2 of the Dungeon.
You visited 1 branch of the dungeon, and saw 2 of its levels.

You collected 16 gold pieces.

Inventory:

Hand Weapons
 a - a +0 shortbow (weapon)
 e - a +0 whip
Armour
 b - a +0 robe (worn)
 d - a +0 cloak (worn)
Scrolls
 c - a scroll of vulnerability


   Skills:
 + Level 1.3 Fighting
 + Level 2.3 Bows
 + Level 2.2 Dodging
 + Level 1.3 Spellcasting
 + Level 3.8 Hexes


You had 3 spell levels left.
You knew the following spells:

 Your Spells              Type           Power      Damage    Failure   Level
a - Slow                  Hex            28%        N/A       4%          1

Your spell library contained the following spells:

 Spells                   Type           Power      Damage    Failure   Level
 Inner Flame              Hex/Fire       4%         N/A       32%         3
 Portal Projectile        Hex/Tloc       8%         N/A       32%         3
 Cause Fear               Hex            3%         N/A       47%         4


Dungeon Overview and Level Annotations

Branches:
Dungeon (1/15)

Altars:


Innate Abilities, Weirdness & Mutations

You cannot be hasted, slowed, berserked, paralysed or teleported.
You can dig through walls and to a lower floor.
You have a pair of large antennae on your head. (SInv)
Your four strong arms can wield two-handed weapons with a shield.
Your body sometimes deteriorates upon taking damage.
Your flesh is heat resistant. (rF+)
Your spells are a little easier to cast, but a little less powerful.


Message History

You shoot an arrow.
The arrow hits the hobgoblin but does no damage.
The hobgoblin is severely wounded.
The quokka bites you.
* * * LOW HITPOINT WARNING * * *
The quokka bites you but does no damage.
The hobgoblin barely misses you.
Shoot: a) +0 shortbow
Press: ? - help, Q - select action, (/) - cycle Shift-Dir - straight line, f/p - hobgoblin
Aim: a hobgoblin (severely wounded, 56% to hit)
You shoot an arrow. The arrow hits the hobgoblin!
You kill the hobgoblin!
The quokka completely misses you. The quokka closely misses you.
Shoot: a) +0 shortbow
Press: ? - help, Q - select action, (/) - cycle Shift-Dir - straight line, f - quokka
Aim: a quokka (43% to hit)
You shoot an arrow. The arrow hits the quokka.
The quokka is heavily wounded.
The quokka bites you but does no damage.
The quokka closely misses you.
Shoot: a) +0 shortbow
Press: ? - help, Q - select action, (/) - cycle Shift-Dir - straight line, f/p - quokka
Aim: a quokka (heavily wounded, 43% to hit)
You shoot an arrow. The arrow closely misses the quokka.
The quokka misses you.
Unknown command.
Shoot: a) +0 shortbow
Press: ? - help, Q - select action, (/) - cycle Shift-Dir - straight line, f/p - quokka
Aim: a quokka (heavily wounded, 43% to hit)
You shoot an arrow. The arrow closely misses the quokka.
The quokka barely misses you. The quokka bites you.
* * * LOW HITPOINT WARNING * * *
Shoot: a) +0 shortbow
Press: ? - help, Q - select action, (/) - cycle Shift-Dir - straight line, f/p - quokka
Aim: a quokka (heavily wounded, 43% to hit)
You shoot an arrow.
The arrow hits the quokka but does no damage.
The quokka is heavily wounded.
The quokka bites you.
You die...

. #.. ######. .. #..
#...... ... #.# #....#
.... #.# #....# #...[
#.# #... .#
#.....####.###.####..#
#.....†..#...)......#
#.....##.....r@....#
#.... ###.......###
.... #....#### ...
#)#### .. #...### .
#.....## #......#
#.###..# #.# ...#


You could see a quokka.

Vanquished Creatures
  An adder (D:2)
  5 endoplasms
  A giant cockroach (D:1)
  A goblin (D:1)
  2 hobgoblins
  A quokka (D:1)
  2 ball pythons
  3 bats (D:1)
  A frilled lizard (D:1)
  5 kobolds
  4 rats
26 creatures vanquished.

Notes
Turn   | Place    | Note
-------+----------+-------------------------------------------
     0 | D:1      | brightf1ame the Formicid Arcane Marksman began the quest
                  | for the Orb.
     0 | D:1      | Reached XP level 1. HP: 15/15 MP: 2/2
    93 | D:1      | Reached XP level 2. HP: 20/21 MP: 3/3
   202 | D:1      | Gained mutation: Your spells are a little easier to cast,
                  | but a little less powerful. [potion of mutation]
   202 | D:1      | Gained mutation: Your body sometimes deteriorates upon
                  | taking damage. [potion of mutation]
   202 | D:1      | Gained mutation: Your flesh is heat resistant. (rF+)
                  | [potion of mutation]
   410 | D:1      | You fall into a shaft and drop 1 floor!
   421 | D:2      | Reached XP level 3. HP: 16/26 MP: 4/4
   456 | D:2      | Slain by a quokka

Illustrated notes

Levels and vault maps discovered:
D:1:      wander_arrival_chamber, layout_basic,
          chequers_ecumenical_altar_simple_redux
D:2:      minmay_recursive_quarters, layout_basic, serial_shops,
          nicolae_shop_temple_entry_statues_fountains, uniq_sigmund, uniq_robin

Skill      XL: |  1  2 |
---------------+-------+-----
Bows           | 2 |  2.3
Dodging        | 2 |  2.2
Fighting       | |  1.3
Spellcasting   | |  1.3
Hexes          | |  3.8

Action                   || total
-------------------------++-------
 Fire: Shortbow          ||    68
 Cast: Slow              ||     3
  Use: Scroll            ||     1
       Potion            ||     1
Armor: Robe              ||    12
Dodge: Dodged            ||    53

Table legend: (Time is in decaauts)
 A = Elapsed time spent in this place.
 B = Non-inter-level travel time spent in this place.
 C = Inter-level travel time spent in this place.
 D = Time resting spent in this place.
 E = Time spent auto-exploring this place.
 F = Levels seen in this place.
 G = Mean time per level.
                   A        B        C        D        E       F      G
               +--------+--------+--------+--------+--------+-----+--------+
         Total |    481 |    287 |    194 |      0 |      0 |   2 |  240.5 |
       Dungeon |    481 |    287 |    194 |      0 |      0 |   2 |  240.5 |
               +--------+--------+--------+--------+--------+-----+--------+

Top non-repeatable levels by time:
     D:1: 425 daAuts
     D:2: 56 daAuts
